 Dungeon Crawl Stone Soup version 0.22.1-1-ga44c0e56f4 (webtiles) character file.

1470 Ihlosi the Skirmisher (level 9, 0/71 HPs)
             Began as a Human Gladiator on Nov 10, 2018.
             Slain by a wight
             ... wielding a +2 dire flail of draining
              (12 damage)
             ... on level 6 of the Dungeon.
             The game lasted 00:15:45 (6010 turns).

Ihlosi the Skirmisher (Human Gladiator)             Turns: 6010, Time: 00:15:46

Health: 0/71       AC: 13    Str: 18 (20) XL:     9   Next: 6%
Magic:  9/9        EV: 20    Int:  7 (8)  God:
Gold:   314        SH:  0    Dex: 15 (17) Spells: 8/8 levels left

rFire    . . .     SeeInvis .   a - +3 falchion (freeze)
rCold    . . .     Gourm    .   (no shield)
rNeg     . . .     Faith    .   n - +0 plate armour
rPois    .         Spirit   .   c - +0 helmet
rElec    .         Reflect  .   (no cloak)
rCorr    .         Harm     .   (no gloves)
MR       .....                  (no boots)
Stlth    ..........             A - amulet of the acrobat
HPRegen  0.21/turn              m - +2 ring of protection
MPRegen  0.11/turn              l - +4 ring of strength

@: extremely drained
A: no striking features
a: no special abilities


You were on level 6 of the Dungeon.
You were not hungry.

You visited 1 branch of the dungeon, and saw 6 of its levels.

You collected 314 gold pieces.

Inventory:

Hand Weapons
 a - a +3 falchion of freezing (weapon)
 b - a +4 short sword of venom
 t - a +0 long sword
 z - a +2 whip of flaming
 C - a +1 long sword of draining
 F - a +0 long sword
Missiles
 d - 3 throwing nets (quivered)
 G - 2 stones
Armour
 c - a +0 helmet (worn)
 n - a +0 plate armour (worn)
Jewellery
 l - a +4 ring of strength (right hand)
 m - a +2 ring of protection (left hand)
 v - a +4 ring of strength
 A - an amulet of the acrobat (around neck)
Wands
 u - a wand of digging (18)
Scrolls
 e - 3 scrolls of remove curse {unknown}
 g - a scroll of random uselessness {unknown}
 h - 8 scrolls of identify {unknown}
 j - 4 scrolls of teleportation {unknown}
 p - a scroll of fear {unknown}
 r - a scroll of magic mapping {unknown}
 y - 2 scrolls of enchant weapon {unknown}
 B - a scroll of fog {unknown}
 E - a scroll of enchant armour {unknown}
Potions
 i - a potion of lignification {unknown}
 k - 2 potions of curing
 o - 3 potions of might
 q - a potion of heal wounds {unknown}
 s - a potion of ambrosia {unknown}
 w - a potion of mutation {unknown}
 x - a potion of cancellation {unknown}
 D - a potion of degeneration
Comestibles
 f - 10 rations


   Skills:
 * Level 6.9(0.0) Fighting
 * Level 4.2(0.0) Long Blades
 - Level 2.0(0.0) Throwing
 * Level 6.8(0.0) Armour
 * Level 4.2(0.0) Dodging
 - Level 1.0(0.0) Stealth


You had 8 spell levels left.
You didn't know any spells.
Your spell library was empty.

Dungeon Overview and Level Annotations

Branches:
Dungeon (6/15)
 Temple: D:4-7

Altars:
Cheibriados
Dithmenos
Fedhas
Gozag
Kikubaaqudgha
Nemelex Xobeh
Xom
Zin


Message History

You feel drained.
It was a potion of degeneration.
There was something very wrong with that liquid.
You feel weakened.
You feel dopey.
You feel clumsy.
The wight hits you with a dire flail of draining!
* * * LOW HITPOINT WARNING * * *
You feel drained.
* * * LOW HITPOINT WARNING * * *
Things that are here:
a dagger; a robe; a club
There is an open door here.
There is an open door here.
Things that are here:
a robe; a dagger; an orc skeleton
Things that are here:
a dagger; a robe; a club The wight completely misses you.
The wight completely misses you.
The wight hits you with a dire flail of draining!
You die...

.###...... ...#.# #.#
........(##+#..#.....
...#......(†#..#.#.#
.........[.(...#...
..#.#..####...#.#
#.#.....'.....#
#.....###.....#
#.#[[####.....#
#.#.<)z@'.....# .
#######.....# #
+.....# #....##
#....# ####.# #..
####


You could see a wight.

Vanquished Creatures
  A sky beast (D:5)
  A phantom (D:5)
  A centaur (D:4)
  3 wights
  A crimson imp (D:4)
  A quasit (D:5)
  A jelly (D:5)
  13 orc wizards
  A hound (D:6)
  A centaur skeleton (D:5)
  A bullfrog skeleton (D:5)
  An orc priest (D:3)
  Natasha (thrice) (D:2)
  4 worker ants
  Robin (D:2)
  9 adders
  4 gnolls (D:5)
  2 oozes
  2 adder skeletons (D:5)
  2 adder zombies
  8 worms
  4 dart slugs
  2 leopard geckos
  31 orcs
  5 bats
  5 giant cockroaches
  19 goblins
  14 hobgoblins
  8 jackals
  8 kobolds
  5 quokkas
  2 ball pythons
  4 frilled lizards
  A jackal zombie (D:5)
  7 rats
176 creatures vanquished.

Vanquished Creatures (others)
  A howler monkey (D:5)
  A hound (D:5)
  An orc priest (D:5)
  An orc wizard (D:5)
  An adder (D:5)
  2 orcs (D:5)
7 creatures vanquished.

Grand Total: 183 creatures vanquished

Notes
Turn   | Place    | Note
-------+----------+-------------------------------------------
     0 | D:1      | Ihlosi the Human Gladiator began the quest for the Orb.
     0 | D:1      | Reached XP level 1. HP: 16/16 MP: 1/1
    86 | D:1      | Reached XP level 2. HP: 13/22 MP: 2/2
   269 | D:1      | Reached skill level 1 in Stealth
   284 | D:1      | Reached skill level 1 in Armour
   520 | D:1      | Reached XP level 3. HP: 28/28 MP: 3/3
  1252 | D:2      | Reached XP level 4. HP: 35/35 MP: 4/4
  1654 | D:2      | Noticed Robin
  1663 | D:2      | Reached XP level 5. HP: 34/41 MP: 5/5
  1684 | D:2      | Killed Robin
  1818 | D:2      | Noticed Natasha
  1823 | D:2      | Killed Natasha
  1915 | D:2      | Found a blossoming altar of Fedhas.
  2062 | D:2      | Noticed Natasha
  2071 | D:2      | Killed Natasha
  2096 | D:2      | Reached XP level 6. HP: 49/49 MP: 6/6
  2170 | D:2      | Noticed Natasha
  2177 | D:2      | Killed Natasha
  2377 | D:3      | Reached skill level 5 in Fighting
  2598 | D:3      | Found a sparkling altar of Nemelex Xobeh.
  2662 | D:3      | Found an opulent altar of Gozag.
  2662 | D:3      | Found a glowing silver altar of Zin.
  2751 | D:3      | Found an ancient bone altar of Kikubaaqudgha.
  2916 | D:3      | Reached XP level 7. HP: 52/56 MP: 7/7
  3237 | D:4      | Found a shadowy altar of Dithmenos.
  4183 | D:5      | Entered Level 5 of the Dungeon
  4272 | D:5      | Reached XP level 8. HP: 43/64 MP: 8/8
  4291 | D:5      | Reached skill level 5 in Armour
  4924 | D:5      | Found a shimmering altar of Xom.
  5023 | D:5      | Got a pitted chain mail
  5045 | D:5      | Identified the +1 chain mail "Tivufatu" {*Drain rPois Str+2
                  | SInv} (You found it on level 5 of the Dungeon)
  5207 | D:5      | Found a snail-covered altar of Cheibriados.
  5794 | D:6      | Reached XP level 9. HP: 61/71 MP: 9/9
  6010 | D:6      | Slain by a wight

Skill      XL: |  1  2  3  4  5  6  7  8 |
---------------+-------------------------+-----
Stealth        | 1 |  1.0
Armour         | 1 2 3 4 6 |  6.8
Fighting       | 3 4 5 6 |  6.9
Long Blades    | 4 |  4.2
Dodging        | 4 |  4.2
Throwing       | |  2.0

Action                   |  1- 3 |  4- 6 |  7- 9 || total
-------------------------+-------+-------+-------++-------
Melee: Long sword        |    66 |       |       ||    66
       Short sword       |    22 |   180 |   276 ||   478
       Falchion          |       |       |    50 ||    50
  Use: Potion            |       |     1 |     3 ||     4
 Stab: Sleeping          |     1 |       |       ||     1
  Eat: Chunk             |     1 |     5 |     8 ||    14
       Ration            |       |       |     1 ||     1
Armor: Leather armour    |    16 |       |       ||    16
       Plate armour      |     9 |    86 |   281 ||   376
Dodge: Dodged            |    51 |    57 |   172 ||   280
       Rpst.: Long sword |    15 |       |       ||    15
       Falchion          |       |       |    14 ||    14
